 Dungeon Crawl Stone Soup version 0.22-a0-305-gd21a89c (webtiles) character file.

11 Amnesiac the Bolt Thrower (level 2, -2/14 HPs)
             Began as a Spriggan Hunter on Mar 28, 2018.
             Slain by a goblin
             ... wielding a +0 short sword
              (5 damage)
             ... on level 1 of the Dungeon.
             The game lasted 00:00:43 (254 turns).

Amnesiac the Bolt Thrower (Spriggan Hunter)          Turns: 254, Time: 00:00:43

Health: -2/14      AC:  2    Str:  8    XL:     2   Next: 17%
Magic:  3/3        EV: 18    Int: 12    God:
Gold:   22         SH:  0    Dex: 14    Spells: 1/1 levels left

rFire    . . .     SeeInvis +   b - +1 short sword (venom)
rCold    . . .     Gourm    .   (shield restricted)
rNeg     . . .     Faith    .   c - +0 robe
rPois    .         Spirit   .   (helmet restricted)
rElec    .         Reflect  .   (no cloak)
rCorr    .         Harm     .   (gloves unavailable)
MR       .....                  (boots unavailable)
Stlth    ++........             (no amulet)
HPRegen  0.04/turn              g - -2 ring of dexterity (curse)
MPRegen  0.08/turn              (no ring)

@: very quick
A: very small, unfitting armour, see invisible, herbivore, speed 3, slow
metabolism 2
a: no special abilities


You were on level 1 of the Dungeon.
You were not hungry.

You visited 1 branch of the dungeon, and saw 1 of its levels.

You collected 22 gold pieces.

Inventory:

Hand Weapons
 a - a +1 hand crossbow
 b - a +1 short sword of venom (weapon)
Missiles
 d - 20 bolts
Armour
 c - a +0 robe (worn)
Jewellery
 g - a cursed -2 ring of dexterity (left hand)
Potions
 e - a potion of heal wounds {!q, unknown}
 h - a potion of ambrosia {!q, unknown}
Comestibles
 f - 2 rations


   Skills:
 - Level 1.5 Fighting
 + Level 4.5 Crossbows
 - Level 3.0 Dodging
 - Level 1.5 Stealth


You had one spell level left.
You didn't know any spells.

Dungeon Overview and Level Annotations

Branches:
Dungeon (1/15)

Altars:


Innate Abilities, Weirdness & Mutations

You are very small and have problems with some larger weapons.
You are too small for most types of armour.
You have supernaturally acute eyesight. (SInv)
You are a herbivore.
You cover ground extremely quickly.
You need to consume almost no food.


Message History

No target in view!
No target in view!
Things that are here:
a club; a goblin corpse
h - a silvery potion {!q}
f - 2 rations (gained 1)
A rat comes into view.
A rat is nearby!
You start resting.
A goblin comes into view. It is wielding a dagger.
The goblin shouts!
You hit the rat but do no damage. The rat closely misses you.
The rat completely misses you.
You closely miss the rat. The rat misses you.
A goblin comes into view. It is wielding a dagger.
The goblin shouts!
You hit the rat.
The rat is poisoned.
The rat is heavily wounded.
You kill the rat!
The goblin hits you with a dagger.
* * * LOW HITPOINT WARNING * * *
You closely miss the goblin. The goblin hits you with a dagger.
* * * LOW HITPOINT WARNING * * *
You barely miss the goblin. The goblin misses you.
You hit the goblin.
You kill the goblin!
Your +1 short sword of venom stops dripping with poison.
a - a +1 hand crossbow (weapon)
Firing (i - inventory)
d - 20 bolts (quivered)
Press: ? - help, Shift-Dir - straight line, f - goblin
Aim: a goblin, wielding a dagger You shoot a bolt.
The bolt hits the goblin!
You kill the goblin!
You have reached level 2!
Your +1 short sword of venom begins to drip with poison!
b - a +1 short sword of venom (weapon)
You start resting.
A dart slug comes into view.
The dart slug misses you.
Things that are here:
a bolt; a dagger; a goblin corpse You hit the dart slug.
The dart slug is heavily wounded.
You hit the dart slug.
The dart slug is almost dead.
The dart slug misses you.
You hit the dart slug.
You kill the dart slug!
You see here a dart slug corpse.
d - 20 bolts (gained 1)
Things that are here:
a dagger; a goblin corpse You start resting.
A goblin comes into view. It is wielding a short sword.
The goblin shouts!
The goblin throws a stone.
The stone completely misses you. The goblin hits you with a short sword.
* * * LOW HITPOINT WARNING * * *
You closely miss the goblin. The goblin hits you with a short sword.
* * * LOW HITPOINT WARNING * * *
You hit the goblin.
The goblin is heavily wounded.
The goblin hits you with a short sword.
You die...

##### ## #...## #### #.
#....###... #.
#..#.....#. .
#.#######..##.#.##. ..#
#............###...
#...##........#.##.#.##.
#..............#.....#.
#...g@.....(....#.#...
#.#....)..†..####.####
#..........# #.#
.............# #.####
#.#.........## ##.....
#.#..........###......
...................... #
.#.................#.
.................#♣


You could see a goblin.

Vanquished Creatures
  A dart slug (D:1)
  4 goblins (D:1)
  A hobgoblin (D:1)
  A bat (D:1)
  A frilled lizard (D:1)
  A rat (D:1)
9 creatures vanquished.

Notes
Turn   | Place    | Note
-------+----------+-------------------------------------------
     0 | D:1      | Amnesiac the Spriggan Hunter began the quest for the Orb.
     0 | D:1      | Reached XP level 1. HP: 10/10 MP: 2/2
   178 | D:1      | Reached XP level 2. HP: 6/14 MP: 3/3
   254 | D:1      | Slain by a goblin

Vault maps used:
D:1:      eino_arrival_tree_alley, serial_forest, infiniplex_forest_lined_4_way,
          infiniplex_forest_zigzag_1, infiniplex_forest_lined_corner,
          infiniplex_forest_straight_1, moated_statue, minmay_statues_item,
          nrook_uturn, kennysheep_crisscross, minmay_tall_x

Action                   || total
-------------------------++-------
Melee: Short sword       ||    32
 Fire: Hand crossbow     ||     1
Armor: Robe              ||     1
Dodge: Dodged            ||    21

Table legend:
 A = Spawn XP
 B = Non-spawn XP
 C = Spawn XP percentage of total XP
 D = Spawn monster count
 E = Non-spawn monster count
 F = Spawn count percentage of total count
 G = Total turns spent on level
                    A         B        C        D         E        F      G
               +---------+---------+-------+---------+---------+-------+---------
         Total |       0 |      17 |   0.0 |       0 |       9 |   0.0 |   254
               +---------+---------+-------+---------+---------+-------+---------
           D:1 |       0 |      17 |   0.0 |       0 |       9 |   0.0 |   254
               +---------+---------+-------+---------+---------+-------+---------
